 Dungeon Crawl Stone Soup version 0.31.0-1-g2c135a008e (webtiles) character file.

Game seed: 5436689260519703364

257 qw the Shooter (level 6, 0/46 HPs)
             Began as a Djinni Hunter on Jan 23, 2024.
             Killed by psychic fangs
             ... invoked by a brain worm
              (12 damage)
             ... in a sewer.
             The game lasted 00:00:09 (2236 turns).

qw the Shooter (Djinni Hunter)                      Turns: 2236, Time: 00:00:10

Health: 0/46       AC:  7    Str: 10    XL:     6   Next: 39%
Gold:   191        EV: 11    Int: 10    God:
                   SH:  0    Dex: 19

rFire   + + .        a - +0 shortbow
rCold   x . .        (shield currently unavailable)
rNeg    + . .        e - +1 ring mail {rN+}
rPois   inf          (no helmet)
rElec   .            (no cloak)
rCorr   .            b - +0 pair of gloves
SInv    .            (boots unavailable)
Will    .....        (no amulet)
Stlth   +            (no ring)
HPRegen 0.27/turn    (no ring)
MPRegen 0.00/turn

%: infuse magic (-1 HP)
@: flying
A: sickness immunity, fire resistance 2, cold vulnerability 1, float, innate
caster, HP casting, extra vitality 1
a: no special abilities


You were in a sewer.
You visited 1 branch of the dungeon, and saw 3 of its levels.
You also visited: Sewer.

You collected 191 gold pieces.


Innate Abilities, Weirdness & Mutations

You are immune to sickness and miasma.
You are immune to poison.
Your flesh is very heat resistant. (rF++)
You are vulnerable to cold. (rC-)
You float through the air rather than walking.
You learn spells naturally, not from books.
Your magical power is your life essence.
You have superior vitality. (+4 MHP)


   Skills:
 - Level 3.2 Fighting
 - Level 5.2 Ranged Weapons
 - Level 1.7 Armour
 + Level 2.2 Dodging
 - Level 0.7 Stealth


You knew the following spells:

 Your Spells              Type           Power      Damage    Failure   Level
a - Sandblast             Erth           0%         2d4       67%         1
b - Mercury Vapours       Alch/Air       0%         N/A       82%         2
Your spell library was empty.

Inventory:

Hand Weapons
 a - a +0 shortbow (weapon)
Armour
 b - a +0 pair of gloves (worn)
 e - a +1 ring mail of positive energy (worn)
Scrolls
 f - a scroll of enchant armour {unknown}
Potions
 c - a potion of curing

Dungeon Overview and Level Annotations

Branches:
Dungeon (3/15)              Sewer (1/1)

Altars:

Annotations:
D:1 1 transporter


Message History

The brain worm barely misses you.
You shoot an arrow. The arrow barely misses the brain worm.
The brain worm closely misses you.
You shoot an arrow. The arrow barely misses the brain worm.
The brain worm drips complex stolen formulae onto the ground.
The brain worm bites you.
You shoot an arrow. The arrow barely misses the brain worm.
The brain worm closely misses you.
The brain worm's throbbing head pulsates.
Something gnaws heavily on your mind!
You shoot an arrow.
The arrow hits the brain worm but does no damage.
The brain worm is heavily wounded.
The brain worm's bulging head throbs.
Something gnaws heavily on your mind!
2226 ||| READING scroll of teleportation.
As you read the scroll of teleportation, it crumbles to dust.
You feel strangely unstable. The brain worm barely misses you.
You shoot an arrow. The arrow hits the brain worm!
The brain worm is severely wounded.
The brain worm barely misses you.
You shoot an arrow.
The arrow hits the brain worm but does no damage.
The brain worm is severely wounded.
The brain worm closely misses you.
You shoot an arrow. The arrow hits the brain worm.
The brain worm is severely wounded.
Your surroundings suddenly seem different.
You start resting.
A brain worm is nearby!
You shoot an arrow. The arrow barely misses the brain worm.
You shoot an arrow. The arrow barely misses the brain worm.
You shoot an arrow. The arrow hits the brain worm.
The brain worm is heavily wounded.
You shoot an arrow. The arrow hits the brain worm!
The brain worm is almost dead.
The brain worm's bulging head throbs.
Something gnaws heavily on your mind!
You die...

####.~~~.###
####.~~~.#
#..%.~~~.+
####.~~~.#
####w~~~.####
#..'..\)...\#
####.~~~.####
#.~~~.#
+.@~~.+
#.~~~.#
#.~~~.#
+.~~~.'.
#.~~~.###
#.~~~.#
+.~~~.+
#######


You could see a brain worm.

Vanquished Creatures
  A brain worm (Sewer)
  An orc priest (D:1)
  An orc wizard (D:1)
  5 gnolls
  An adder (D:2)
  A dart slug (D:1)
  8 orcs
  6 endoplasms
  6 giant cockroaches
  2 goblins (D:1)
  3 hobgoblins
  4 jackals
  7 quokkas
  7 ball pythons
  3 bats
  2 frilled lizards
  9 kobolds
  2 rats (D:1)
69 creatures vanquished.

Notes
Turn   | Place    | Note
-------+----------+-------------------------------------------
     0 | D:1      | qw the Djinni Hunter began the quest for the Orb.
     0 | D:1      | Reached XP level 1. HP: 18/18 MP: 0/0
     0 | D:1      | 0 ||| qw: Version: 0.3-a-132-g3d54051
     0 | D:1      | 0 ||| qw: Game counter: 594
     0 | D:1      | 0 ||| qw: Melee chars always use a shield: true
     0 | D:1      | 0 ||| qw: God list: Okawaru
     0 | D:1      | 0 ||| qw: Allow faded altars: false
     0 | D:1      | 0 ||| qw: Do Orc after clearing Dungeon:15 true
     0 | D:1      | 0 ||| qw: Do second Lair branch before Depths: true
     0 | D:1      | 0 ||| qw: Lair rune preference: random
     0 | D:1      | 0 ||| qw: Goals: Normal
     0 | D:1      | 0 ||| PLANNING D:1-11
    47 | D:1      | Reached XP level 2. HP: 22/23 MP: 0/0
   262 | D:1      | Reached skill level 4 in Ranged Weapons
   262 | D:1      | Reached XP level 3. HP: 15/28 MP: 0/0
   262 | D:1      | Learned a level 1 spell: Sandblast
   902 | D:1      | 902 ||| UPGRADING to +0 ring mail.
   912 | D:1      | 912 ||| DROPPING +0 leather armour.
   913 | D:1      | 913 ||| UPGRADING to +1 ring mail of positive energy.
   923 | D:1      | 923 ||| DROPPING +0 ring mail.
   924 | D:1      | 924 ||| READING scroll labelled YLYGUKL FEKU.
   927 | D:1      | 927 ||| DROPPING scroll of butterflies.
   981 | D:2      | 981 ||| STAIRDANCE
   985 | D:2      | 985 ||| STAIRDANCE
   987 | D:1      | 987 ||| DRINKING pink potion.
   994 | D:1      | Reached XP level 4. HP: 34/34 MP: 0/0
   996 | D:2      | 996 ||| STAIRDANCE
  1008 | D:2      | 1008 ||| STAIRDANCE
  1035 | D:1      | Reached skill level 1 in Armour
  1120 | D:2      | 1120 ||| STAIRDANCE
  1156 | D:2      | 1156 ||| STAIRDANCE
  1159 | D:1      | Reached skill level 3 in Fighting
  1159 | D:1      | Reached XP level 5. HP: 29/40 MP: 0/0
  1159 | D:1      | Learned a level 2 spell: Mercury Vapours
  1224 | D:2      | 1224 ||| STAIRDANCE
  1463 | D:2      | 1463 ||| FLEEEEING.
  1533 | D:2      | 1533 ||| FLEEEEING.
  1619 | D:2      | Found a faded altar of an unknown god.
  1755 | D:2      | 1755 ||| READING 2 scrolls labelled ABBEOR FAVIZO.
  1755 | D:2      | 1755 ||| IDENTIFYING sapphire potion
  1756 | D:2      | 1756 ||| READING scroll of identify.
  1756 | D:2      | 1756 ||| IDENTIFYING scroll labelled KIALOH LIFICS
  1757 | D:2      | 1757 ||| DROPPING scroll of fear.
  1764 | D:3      | 1764 ||| PLANNING SEWER
  1808 | D:3      | HP: 9/40 [gnoll/+0 whip (4)]
  1809 | D:3      | 1809 ||| DRINKING potion of heal wounds.
  1813 | D:3      | 1813 ||| FLEEEEING.
  2126 | D:3      | Reached XP level 6. HP: 46/46 MP: 0/0
  2136 | D:3      | Found a glowing drain.
  2137 | D:3      | 2137 ||| UPGRADING to +0 pair of gloves.
  2142 | D:3      | 2142 ||| READING scroll of identify.
  2142 | D:3      | 2142 ||| IDENTIFYING fizzy orange potion
  2143 | D:3      | 2143 ||| READING scroll labelled RARISSA JYDAT.
  2147 | Sewer    | Entered a sewer
  2154 | Sewer    | Reached skill level 5 in Ranged Weapons
  2225 | Sewer    | HP: 9/46 [brain worm/psychic fangs (14)]
  2226 | Sewer    | 2226 ||| READING scroll of teleportation.
  2236 | Sewer    | Killed from afar by a brain worm

Levels and vault maps discovered:
D:1:      spicycebolla_arrival_risky_transporter, layout_loops_corners
D:2:      layout_rooms, hellmonk_ecumenical_altar_zigzags,
          chequers_serial_rivers_micro_d
D:3:      layout_basic, gup_sewer_entry_bowl
Sewer:    kennysheep_door_sewer

Skill      XL: |  1  2  3  4  5  6 |
---------------+-------------------+-----
Ranged Weapons | 4 5 |  5.2
Armour         | 1 |  1.7
Fighting       | 3 |  3.2
Dodging        | |  2.2
Stealth        | |  0.7

Action                     |  1- 3 |  4- 6 || total
---------------------------+-------+-------++-------
   Fire: Shortbow          |    60 |   167 ||   227
    Use: Scroll            |     1 |     5 ||     6
         Potion            |     1 |     1 ||     2
 Armour: Leather armour    |    10 |       ||    10
         Ring mail         |     3 |    85 ||    88
  Dodge: Dodged            |    20 |    52 ||    72

Table legend:
 A = Non-vault XP
 B = Vault XP
 C = Vault XP percentage of total XP
 D = Non-vault monster count
 E = Vault monster count
 F = Vault count percentage of total count
                 A         B        C        D         E       F
            +---------+---------+-------+---------+---------+-------
      Total |     266 |     102 |  27.7 |      61 |       8 |  11.6
            +---------+---------+-------+---------+---------+-------
        D:1 |     155 |       0 |   0.0 |      30 |       0 |   0.0
        D:2 |      60 |       0 |   0.0 |      24 |       0 |   0.0
        D:3 |      51 |       6 |  10.5 |       7 |       3 |  30.0
      Sewer |       0 |      96 | 100.0 |       0 |       5 | 100.0
            +---------+---------+-------+---------+---------+-------
